 Dungeon Crawl Stone Soup version 0.23-a0-299-g9a66eeb (webtiles) character file.

339 Amnesiac the Cutter (level 6, -1/32 HPs)
             Began as a Spriggan Fighter on Oct 6, 2018.
             Was a High Priest of Jiyva.
             Slain by an iguana (13 damage)
             ... on level 5 of the Dungeon.
             The game lasted 00:14:27 (5800 turns).

Amnesiac the Cutter (Spriggan Fighter)              Turns: 5800, Time: 00:14:28

Health: -1/32      AC:  2    Str: 13    XL:     6   Next: 29%
Magic:  7/7        EV: 20    Int:  8    God:    Jiyva [*****.]
Gold:   269        SH:  9    Dex: 24    Spells: 5/5 levels left

rFire    . . .     SeeInvis +   o - +1 dagger (speed)
rCold    + . .     Gourm    .   c - +1 buckler
rNeg     . . .     Faith    .   b - +0 robe
rPois    .         Spirit   .   (helmet restricted)
rElec    .         Reflect  .   (no cloak)
rCorr    +         Harm     .   (gloves unavailable)
MR       ++...     Rnd*Tele +   (boots unavailable)
Stlth    ++++......             (no amulet)
HPRegen  0.10/turn              e - +4 ring of dexterity
MPRegen  0.10/turn              (no ring)

@: very quick
A: very small, unfitting armour, see invisible, blink, cold resistance 1,
herbivore, speed 3, magic resistance 1, slow metabolism 2, strong 1,
teleportitis 1, jelly absorbing missiles
a: Blink, Request Jelly, Slimify, Cure Bad Mutation, Renounce Religion


You were on level 5 of the Dungeon.
You worshipped Jiyva.
Jiyva was extremely pleased with you.
You were completely stuffed.

You visited 2 branches of the dungeon, and saw 8 of its levels.

You collected 269 gold pieces.

Inventory:

Hand Weapons
 o - a +1 dagger of speed (weapon)
Armour
 b - a +0 robe (worn)
 c - a +1 buckler (worn)
Jewellery
 e - a +4 ring of dexterity (left hand)
Scrolls
 g - a scroll of amnesia {!r}
 j - a scroll of enchant armour {!r}
 m - 4 scrolls of teleportation {!r}
 n - 2 scrolls of blinking {!r}
Potions
 d - a potion of might {!q}
 h - 2 potions of agility {!q}
 i - 2 potions of curing {!q}
 k - 3 potions of flight {!q}
 l - a potion of resistance {!q}
 p - 4 potions of heal wounds {!q}
Comestibles
 f - 9 rations


   Skills:
 - Level 2.4 Fighting
 * Level 5.8 Short Blades
 - Level 4.4 Dodging
 + Level 5.7 Stealth
 - Level 2.5 Shields


You had 5 spell levels left.
You didn't know any spells.
Your spell library was empty.

Dungeon Overview and Level Annotations

Branches:
Dungeon (7/15)             Temple (1/1) D:7

Altars:
Cheibriados
Elyvilon
Fedhas
Gozag
Hepliaklqana
Kikubaaqudgha
Nemelex Xobeh
Okawaru
Qazlal
Ru
Trog
Uskayaw
Vehumet
Yredelemnul
Zin
The Shining One
Jiyva

Annotations:
D:4 Blork the orc


Innate Abilities, Weirdness & Mutations

You are very small and have problems with some larger weapons.
You are too small for most types of armour.
You have supernaturally acute eyesight. (SInv)
You are a herbivore.
You cover ground extremely quickly.
You need to consume almost no food.
You can translocate small distances at will.
Your flesh is cold resistant. (rC+)
You are resistant to hostile enchantments. (MR+)
Your muscles are strong. (Str +2)
You are occasionally teleported next to monsters.
You have a small jelly attached to you that may absorb incoming projectiles.


Message History

You hear a distant slurping noise.
You feel a little less hungry.
You hear a squelching noise.
You enter the shallow water.
Moving in this stuff is going to be slow.
Key pressed, stopping explore.
Found a white marble altar of Elyvilon.
Found a sparkling altar of Nemelex Xobeh.
Found a glowing golden altar of the Shining One.
Found a stone staircase leading up.
You enter the shallow water.
Moving in this stuff is going to be slow.
Jiyva's power touches on your attributes.
You feel agile.
You feel stupid.
You hear a distant slurping noise.
Jiyva appreciates your sacrifice.
You feel a little less hungry. Jiyva appreciates your sacrifice.
There is a white marble altar of Elyvilon here.
There is a dry fountain here.
There is an open door here. 2 iguanas come into view.
There are monsters nearby!
The iguana hisses angrily. x2
You hit the iguana but do no damage. You hit the iguana.
The iguana is moderately wounded.
The iguana barely misses you.
You hit the iguana but do no damage.
The iguana is moderately wounded.
You hit the iguana.
The iguana is moderately wounded.
You block the iguana's attack.
You hit the iguana but do no damage.
The iguana is moderately wounded.
You completely miss the iguana.
The iguana is moderately wounded.
The iguana closely misses you.
You barely miss the iguana.
The iguana is moderately wounded.
You barely miss the iguana.
The iguana is moderately wounded.
You block the iguana's attack.
You completely miss the iguana.
The iguana is moderately wounded.
Jiyva's power touches on your attributes.
You feel agile.
You feel weaker.
You hit the iguana.
The iguana is moderately wounded.
The iguana bites you!
You hit the iguana but do no damage.
The iguana is moderately wounded.
You hit the iguana.
The iguana is moderately wounded.
The iguana bites you!
* * * LOW HITPOINT WARNING * * *
You completely miss the iguana.
The iguana is moderately wounded.
You barely miss the iguana.
The iguana is moderately wounded.
The iguana bites you!
You die...

.##.# #
#....###'### .##.#
#........# .##.#
#..######## .##.#
#.......... .##.#
########.#########
.# .........# .#
#######..# g.# .#
.#######..# #.# .#
.....ll@..# #.# .#
########.## #.# .#
#.# #.# .# #.#
##.## ## #.#
#####...### #.#
#.<........
#.......###...###
##..$## ##.## ##.
...#


You could see 2 iguanas.

Vanquished Creatures
  A centaur (D:6)
  A hound (D:7)
  A gnoll shaman (D:5)
  2 orc wizards (D:4)
  4 adders
  A gnoll (D:1)
  An ooze (D:1)
  A worm (D:2)
  3 dart slugs
  3 leopard geckos
  21 orcs
  4 giant cockroaches
  6 goblins
  8 hobgoblins
  4 jackals (D:1)
  7 kobolds
  A quokka (D:3)
  6 bats
  3 frilled lizards
  A jackal skeleton (D:2)
  5 rats
84 creatures vanquished.

Vanquished Creatures (others)
  Prince Ribbit (D:5)
  Duvessa (D:5)
  An ogre (D:5)
  2 centaurs (D:5)
  Dowan (D:5)
  A howler monkey (D:5)
  A crimson imp (D:5)
  9 jellies (D:5)
  An orc priest (D:5)
  An iguana (D:5)
  An orc wizard (D:5)
  2 worker ants (D:5)
  2 adders (D:5)
  10 gnolls (D:5)
  An ooze (D:4)
  A worm (D:3)
  6 orcs
  A bat (D:3)
  2 giant cockroaches
45 creatures vanquished.

Grand Total: 129 creatures vanquished

Notes
Turn   | Place    | Note
-------+----------+-------------------------------------------
     0 | D:1      | Amnesiac the Spriggan Fighter began the quest for the Orb.
     0 | D:1      | Reached XP level 1. HP: 11/11 MP: 2/2
    15 | D:1      | Reached skill level 1 in Stealth
   220 | D:1      | Reached XP level 2. HP: 16/16 MP: 3/3
   710 | D:1      | Reached XP level 3. HP: 17/19 MP: 4/4
   870 | D:5      | Entered Level 5 of the Dungeon
   909 | D:5      | Noticed a centaur
   913 | D:5      | Noticed Prince Ribbit
  1008 | D:6      | Noticed a centaur
  1017 | D:6      | Killed a centaur
  1017 | D:6      | Reached XP level 4. HP: 16/23 MP: 5/5
  1169 | D:6      | Noticed a black bear
  1209 | D:6      | Noticed an orc warrior
  1241 | D:7      | Reached XP level 5. HP: 23/27 MP: 6/6
  1283 | D:7      | Gained mutation: You are frail. (-10% HP) [potion of
                  | mutation]
  1283 | D:7      | Gained mutation: Your mind is acute. (Int +2) [potion of
                  | mutation]
  1284 | D:7      | Lost mutation: Your mind is acute. (Int +2) [potion of
                  | mutation]
  1284 | D:7      | Lost mutation: You are frail. (-10% HP) [potion of
                  | mutation]
  1284 | D:7      | Gained mutation: You are occasionally teleported next to
                  | monsters. [potion of mutation]
  1284 | D:7      | Gained mutation: Your muscles are strong. (Str +2) [potion
                  | of mutation]
  1284 | D:7      | Gained mutation: You can translocate small distances at
                  | will. [potion of mutation]
  1319 | D:7      | Noticed a sky beast
  1357 | D:7      | Found a staircase to the Ecumenical Temple.
  1366 | Temple   | Entered the Ecumenical Temple
  1429 | Temple   | Became a worshipper of Jiyva Jehib the Shapeless
  1554 | D:4      | Noticed Blork the orc
  1554 | D:4      | Noticed a phantom
  1586 | D:4      | Noticed a centaur
  1686 | D:2      | Found a stormy altar of Qazlal.
  2982 | D:2      | Reached skill level 5 in Short Blades
  3125 | D:2      | Reached skill level 5 in Stealth
  3317 | D:2      | Found an iron altar of Okawaru.
  3391 | D:2      | Reached * piety under Jiyva
  3758 | D:3      | Reached ** piety under Jiyva
  3866 | D:3      | Reached *** piety under Jiyva
  3964 | D:3      | Gained mutation: You are resistant to hostile enchantments.
                  | (MR+) [Jiyva's grace]
  4698 | D:4      | Reached XP level 6. HP: 14/32 MP: 7/7
  4970 | D:5      | Gained mutation: Your flesh is cold resistant. (rC+)
                  | [Jiyva's grace]
  5045 | D:5      | Killed Prince Ribbit
  5079 | D:5      | Reached **** piety under Jiyva
  5285 | D:5      | Killed Duvessa
  5299 | D:5      | Killed Dowan
  5326 | D:5      | Gained mutation: You have a small jelly attached to you
                  | that may absorb incoming projectiles. [Jiyva's grace]
  5442 | D:5      | Reached ***** piety under Jiyva
  5715 | D:5      | Found a white marble altar of Elyvilon.
  5719 | D:5      | Found a sparkling altar of Nemelex Xobeh.
  5721 | D:5      | Found a glowing golden altar of the Shining One.
  5800 | D:5      | Slain by an iguana

Vault maps used:
D:1:      dpeg_arrival_oval, hangedman_decor_growths
D:2:      okawaru_metal_pillars_1_2, nicolae_overflow_hidden_temple
D:3:      serial_glass, glass_columns_b, glass_columns_a, glass_columns_c,
          glass_columns_b, glass_columns_a, glass_columns_b, glass_columns_a,
          glass_columns_b, first_ration
D:4:      grunt_temple_overflow_champion_of_chaos,
          grunt_temple_overflow_diamond, uniq_menkaure, uniq_blork_the_orc
D:5:      gammafunk_temple_overflow_forgotten, serial_bayou_ford_a,
          hangedman_decor_clover_reticule, kennysheep_small_circle,
          uniq_prince_ribbit1, uniq_duvessa
D:6:      cheibrodos_iron_armory, lemuel_doored_altar,
          nicolae_tso_besieged_by_evil
D:7:      temple_hall, minmay_misc_feat_room, uniq_joseph
Temple:   pf_slimified_temple

Skill      XL: |  1  2  3  4  5 |
---------------+----------------+-----
Stealth        | 2 3 4 5 |  5.7
Short Blades   | 3 4 5 |  5.8
Fighting       | |  2.4
Dodging        | |  4.4
Shields        | |  2.5

Action                   |  1- 3 |  4- 6 || total
-------------------------+-------+-------++-------
Melee: Rapier            |    69 |   107 ||   176
       Dagger            |       |   269 ||   269
  Use: Scroll            |     3 |     7 ||    10
       Potion            |     2 |     6 ||     8
 Stab: Sleeping          |     2 |    12 ||    14
       Distracted        |       |     4 ||     4
  Eat: Ration            |       |     1 ||     1
Armor: Robe              |     4 |    11 ||    15
       Skin              |     6 |       ||     6
Dodge: Dodged            |    50 |   142 ||   192
Block: Buckler           |    21 |    80 ||   101

Table legend:
 A = Non-vault XP
 B = Vault XP
 C = Vault XP percentage of total XP
 D = Non-vault monster count
 E = Vault monster count
 F = Vault count percentage of total count
                 A         B        C        D         E       F
            +---------+---------+-------+---------+---------+-------
      Total |     485 |       0 |   0.0 |      84 |       0 |   0.0
            +---------+---------+-------+---------+---------+-------
        D:1 |      66 |       0 |   0.0 |      26 |       0 |   0.0
        D:2 |      57 |       0 |   0.0 |      19 |       0 |   0.0
        D:3 |      60 |       0 |   0.0 |      22 |       0 |   0.0
        D:4 |      98 |       0 |   0.0 |       8 |       0 |   0.0
        D:5 |      43 |       0 |   0.0 |       4 |       0 |   0.0
        D:6 |     113 |       0 |   0.0 |       2 |       0 |   0.0
        D:7 |      48 |       0 |   0.0 |       3 |       0 |   0.0
            +---------+---------+-------+---------+---------+-------
